 Dungeon Crawl Stone Soup version 0.30.0-5-g1a98f26d00 (webtiles) character file.

Game seed: 3734597862208974927

217 tizbic2 the Conjurer (level 5, 0/40 HPs)
             Began as a Demigod Conjurer on May 9, 2023.
             Slain by Edmund
             ... wielding a +4 flail of protection
              (7 damage)
             ... on level 4 of the Dungeon.
             The game lasted 00:12:21 (2520 turns).

tizbic2 the Conjurer (Demigod Conjurer)             Turns: 2520, Time: 00:12:21

Health: 0/40       AC:  8    Str: 12    XL:     5   Next: 35%
Magic:  9/12       EV: 10    Int: 20    God:
Gold:   178        SH:  0    Dex: 12    Spells: 6/9 levels left

rFire   . . .        k - +0 mace (drain)
rCold   . . .        (no shield)
rNeg    . . .        o - +0 ring mail
rPois   .            (no helmet)
rElec   .            (no cloak)
rCorr   .            w - +2 pair of gloves
SInv    +            (no boots)
Will    .....        (no amulet)
Stlth   +            g - ring of see invisible
HPRegen 0.26/turn    (no ring)
MPRegen 0.13/turn

%: no passive effects
@: no status effects
A: high MP 1, forlorn, divine attributes
a: no special abilities


You were on level 4 of the Dungeon.
You visited 1 branch of the dungeon, and saw 4 of its levels.

You collected 178 gold pieces.

Inventory:

Hand Weapons
 c - a +0 dagger
 d - a +0 halberd
 f - a +0 quarterstaff
 k - a +0 mace of draining (weapon)
 n - a +0 spear
Missiles
 v - 2 atropa-tipped darts
Armour
 a - a +0 robe
 o - a +0 ring mail (worn)
 w - a +2 pair of gloves (worn)
Jewellery
 g - a ring of see invisible (left hand)
Scrolls
 i - a scroll of summoning {unknown}
 l - 2 scrolls of blinking {unknown}
 m - 2 scrolls of enchant armour {unknown}
 p - a scroll of vulnerability
 s - a scroll of identify
 u - 3 scrolls of teleportation
Potions
 b - a potion of magic
 e - 2 potions of haste {unknown}
 h - 2 potions of brilliance {unknown}
 j - 2 potions of flight {unknown}
 q - 2 potions of berserk rage
 r - a potion of curing {unknown}
 t - a potion of resistance {unknown}


   Skills:
 + Level 1.1 Fighting
 - Level 0.8(1.0) Maces & Flails
 + Level 0.8(1.0) Staves
 + Level 1.2 Armour
 - Level 1.7 Dodging
 - Level 1.7 Stealth
 + Level 2.8 Spellcasting
 * Level 5.1 Conjurations


You had 6 spell levels left.
You knew the following spells:

 Your Spells              Type           Power      Damage    Failure   Level
a - Magic Dart            Conj           92%        1d7       4%          1
b - Searing Ray           Conj           46%        2d6       6%          2

Your spell library contained the following spells:

 Spells                   Type           Power      Damage    Failure   Level
 Dazzling Flash           Conj/Hex       26%        N/A       34%         3
 Gell's Gravitas          Tloc           2%         N/A       69%         3
 Teleport Other           Tloc           2%         N/A       69%         3
 Fulminant Prism          Conj/Hex       6%         3d6       75%         4
 Iskenderun's Mystic Bla  Conj/Tloc      13%        2d5       75%         4
 Cause Fear               Hex            1%         N/A       97%         4
 Dispersal                Tloc           1%         N/A       100%        6
 Dragon Form              Tmut           1%         N/A       100%        7
 Dragon's Call            Summ           1%         N/A       100%        9


Dungeon Overview and Level Annotations

Branches:
Dungeon (4/15)
 Temple: D:4-7

Annotations:
D:4 Edmund


Innate Abilities, Weirdness & Mutations

You have an increased reservoir of magic. (+10% MP)
You shall have no god before yourself.
Your divine heritage dramatically boosts your attributes as you level up.


Message History

Found a chain mail.
Edmund the Younger comes into view.
He is wielding a +4 flail of protection.
Edmund shouts!
A giant cockroach comes into view.
An orc comes into view. It is wielding a +0 mace.
Casting: Searing Ray (safe; 6% risk of failure)
Confirm with . or Enter, or press ? or * to list all spells.
You don't know that spell.
Casting: Searing Ray (safe; 6% risk of failure)
Confirm with . or Enter, or press ? or * to list all spells.
Aiming: Searing Ray (safe; 6% risk of failure)
Press: ? - help, Shift-Dir - straight line, f - Edmund
Aim: Edmund, wielding a +4 flail of protection and wearing a +0 leather armour (78% to hit)
The searing ray hits Edmund.
Edmund is lightly wounded. (Press . to maintain the ray.)
The searing ray hits Edmund.
Edmund is lightly wounded.
Edmund hits you with a +4 flail of protection.
The searing ray hits Edmund.
Edmund is lightly wounded.
Edmund hits you with a +4 flail of protection!
You sense an unholy aura.
k - a +0 mace of draining (weapon)
You hit Edmund.
Edmund is moderately wounded.
Edmund hits you but does no damage.
Edmund hits you with a +4 flail of protection!
You barely miss Edmund.
Edmund is moderately wounded.
The giant cockroach bites you. The giant cockroach barely misses you.
Edmund hits you with a +4 flail of protection!
Edmund attacks as you move away!
Edmund hits you with a +4 flail of protection!
* * * LOW HITPOINT WARNING * * *
The giant cockroach attacks as you move away!
The giant cockroach bites you but does no damage.
Edmund attacks as you move away!
Edmund hits you with a +4 flail of protection!
You die...

######### ########.......#
#......#.#####.#
#......#.# #.# #[.....#.#
#.# #......#.#####.#
#......#.....#.#
..#...@..#####.#.#######
......oB@................
.......#########.#########
....... #.# # ....... #.#
# ....... ##### #.# #
....... ..... #.# # ....
......#.# # ......#.# #
......#.# #


You could see Edmund, an orc and a giant cockroach.

Vanquished Creatures
  Blork the orc (D:4)
  A hound zombie (D:3)
  4 gnolls (D:2)
  2 adders
  An adder zombie (D:3)
  3 worms
  A dart slug (D:3)
  An orc (D:4)
  4 ball pythons
  5 bats
  9 endoplasms
  3 giant cockroaches
  9 goblins
  5 hobgoblins
  9 kobolds
  A frilled lizard (D:3)
  2 jackal skeletons (D:3)
  A jackal zombie (D:3)
  10 rats
72 creatures vanquished.

Notes
Turn   | Place    | Note
-------+----------+-------------------------------------------
     0 | D:1      | tizbic2 the Demigod Conjurer began the quest for the Orb.
     0 | D:1      | Reached XP level 1. HP: 14/14 MP: 5/5
   285 | D:1      | Reached skill level 4 in Conjurations
   285 | D:1      | Reached XP level 2. HP: 20/20 MP: 4/7
   308 | D:1      | Learned a level 2 spell: Searing Ray
   344 | D:1      | You fall into a shaft and drop 1 floor!
   818 | D:2      | Reached XP level 3. HP: 22/26 MP: 2/9
  1373 | D:3      | Reached XP level 4. HP: 33/33 MP: 7/10
  2124 | D:4      | Noticed Blork the orc
  2133 | D:4      | Killed Blork the orc
  2134 | D:4      | Reached skill level 1 in Fighting
  2134 | D:4      | Reached skill level 1 in Armour
  2134 | D:4      | Reached skill level 5 in Conjurations
  2134 | D:4      | Reached XP level 5. HP: 31/40 MP: 2/12
  2509 | D:4      | Noticed Edmund
  2520 | D:4      | Slain by Edmund

Illustrated notes

Levels and vault maps discovered:
D:1:      evilmike_arrival_plus, layout_basic
D:2:      layout_rooms, basic_altar
D:3:      layout_basic, amcnicky_altar_gilded, ebering_ecumenical_altar_webs,
          serial_undead, serial_undead_a, serial_undead_c, serial_undead_e,
          serial_undead_f
D:4:      layout_basic, kennysheep_generic_room_14, uniq_edmund,
          uniq_blork_the_orc

Skill      XL: |  1  2  3  4 |
---------------+-------------+-----
Spellcasting   | 2 |  2.8
Conjurations   | 4 5 |  5.1
Fighting       | 1 |  1.1
Armour         | 1 |  1.2
Maces & Flails | |  0.8
Staves         | |  0.8
Dodging        | |  1.7
Stealth        | |  1.7

Action                     |  1- 3 |  4- 6 || total
---------------------------+-------+-------++-------
  Melee: Dagger            |    10 |       ||    10
         Mace              |    31 |     2 ||    33
         Quarterstaff      |    17 |    48 ||    65
         Halberd           |       |    15 ||    15
   Cast: Magic Dart        |    28 |    11 ||    39
         Searing Ray       |    10 |    11 ||    21
    Use: Scroll            |     2 |     2 ||     4
         Potion            |       |     1 ||     1
   Stab: Sleeping          |       |     1 ||     1
 Armour: Robe              |    13 |       ||    13
         Ring mail         |     6 |    31 ||    37
  Dodge: Dodged            |    46 |    57 ||   103
